 Dungeon Sprint DCSS version 0.25-a0-890-g62861fb (webtiles) character file.

Game seed: 1103754560672804220, levelgen mode: deterministic

26 vertexvortex the Ducker (level 2, -7/31 HPs)
             Began as a Troll Monk on May 6, 2020.
             Mangled by a gnoll
             ... wielding a +0 halberd
              (10 damage)
             ... in the Dungeon (Sprint VII: "The Pits").
             The game lasted 00:01:17 (59 turns).

vertexvortex the Ducker (Troll Monk)                  Turns: 59, Time: 00:01:18

Health: -7/31      AC:  6    Str: 18    XL:     2   Next: 89%
Magic:  1/1        EV: 11    Int:  6    God:
Gold:   0          SH:  0    Dex: 12    Spells: 1/1 levels left

rFire    . . .     SeeInvis .     - Unarmed
rCold    . . .     Gourm    +   (no shield)
rNeg     . . .     Faith    .   a - +0 robe
rPois    .         Spirit   .   (helmet restricted)
rElec    .         Reflect  .   (no cloak)
rCorr    .         Harm     .   (gloves unavailable)
MR       .....     NoTele   +   (boots unavailable)
Stlth    ++........             (no amulet)
HPRegen  0.50/turn              (no ring)
MPRegen  0.07/turn              (no ring)

@: no status effects
A: large, unfitting armour, claws 3, fast metabolism 3, gourmand, regeneration
1, shaggy fur 1, tough skin 3
a: no special abilities


You were in the Dungeon.
You were not hungry.

You visited 1 branch

Inventory:

Armour
 a - a +0 robe (worn)
Scrolls
 h - a scroll of blinking
Potions
 c - a potion of curing
 d - a potion of heal wounds
 e - a potion of haste
 f - 2 potions of magic
 g - a potion of berserk rage
Comestibles
 b - 2 rations


   Skills:
 + Level 3.3 Fighting
 * Level 4.2 Dodging
 - Level 1.0 Stealth
 + Level 4.1 Unarmed Combat


You had one spell level left.
You didn't know any spells.
Your spell library was empty.

Dungeon Overview and Level Annotations

Branches:
Dungeon (1/1)

Altars:


Innate Abilities, Weirdness & Mutations

You are too large for most types of armour.
You have claws for hands.
Your metabolism is lightning-fast.
You like to eat raw meat.
Your natural rate of healing is unusually fast.
You are covered in fur. (AC +1)
You have extremely tough skin. (AC +3)


Message History

There is an open door here.
You claw the gnoll!
You kill the gnoll!
Your Dodging skill increases to level 4!
Your Unarmed Combat skill increases to level 4!
You completely miss the ball python. The ball python bites you.
You scratch the ball python but do no damage.
The ball python bites you.
You claw the ball python!
You kill the ball python!
You claw the frilled lizard!
You kill the frilled lizard!
The gnoll hits you from afar with a +0 halberd!
You see here a quokka corpse.
The gnoll hits you with a +0 halberd!
* * * LOW HITPOINT WARNING * * *
You scratch the gnoll.
The gnoll is moderately wounded.
The gnoll hits you with a +0 halberd!
You die...

##########++
#+##...........
+.##......#..#.
##########.##...........
#.......g@†.'...........
#+#####g#####......#..#.
#...g†# #...........
#.....# ####'#####++
###†### #.......#
#.g...# #.......#
#.....# #.......#
####'## #...<...#
#g..gl..g##.......#


You could see 3 gnolls.

Vanquished Creatures
  A gnoll (D)
  A river rat (D)
  An orc (D)
  A ball python (D)
  A bat (D)
  A quokka (D)
  A frilled lizard (D)
  A rat (D)
8 creatures vanquished.

Notes
Turn   | Place    | Note
-------+----------+-------------------------------------------
     0 | D        | vertexvortex the Troll Monk began the quest for the Orb.
     0 | D        | Reached XP level 1. HP: 22/22 MP: 0/0
    35 | D        | Reached XP level 2. HP: 31/31 MP: 1/1
    43 | D        | Noticed a gnoll sergeant
    59 | D        | Mangled by a gnoll

Levels and vault maps discovered:
D:        pitsprint [storerooms_1, entrance_room_1, metal_vault_1, armoury_1,
          mini_pit_1, grid_room_1, main_hall_1, silver_pit, the_coven_1,
          the_vestibule_1, steel_vault_5, golden_pit, hallway_of_sentries,
          crystal_vault_5, iron_vault_4, final_vault]

Skill      XL: |  1  2 |
---------------+-------+-----
Dodging        | 3 4 |  4.2
Fighting       | 3 |  3.3
Unarmed Combat | 4 |  4.1
Stealth        | |  1.0

Action                   || total
-------------------------++-------
Melee: Unarmed           ||    18
 Stab: Sleeping          ||     1
Armor: Robe              ||     3
Dodge: Dodged            ||    15

Table legend:
 A = Non-vault XP
 B = Vault XP
 C = Vault XP percentage of total XP
 D = Non-vault monster count
 E = Vault monster count
 F = Vault count percentage of total count
                 A         B        C        D         E       F
            +---------+---------+-------+---------+---------+-------
      Total |       0 |      38 | 100.0 |       0 |       8 | 100.0
            +---------+---------+-------+---------+---------+-------
          D |       0 |      38 | 100.0 |       0 |       8 | 100.0
            +---------+---------+-------+---------+---------+-------
